 Dungeon Sprint DCSS version 0.26-a0-1147-g3780a7a11b (webtiles) character file.

Game seed: 11411460819018525833

15352 reriks the Imperceptible (level 12, -19/56 HPs)
             Began as a Spriggan Abyssal Knight on Dec 23, 2020.
             Was the Champion of Lugonu.
             Demolished by a fire giant
             ... wielding a +2 great sword of flaming
              (28 damage)
             ... in the Dungeon (Sprint I: "Red Sonja").
             The game lasted 00:11:05 (1956 turns).

reriks the Imperceptible (Spriggan Abyssal Knight)  Turns: 1956, Time: 00:11:06

Health: -19/56     AC:  2    Str:  9    XL:     12   Next: 0%
Magic:  24/24      EV: 34    Int: 14    God:    Lugonu [******]
Gold:   1544       SH:  0    Dex: 19    Spells: 11/11 levels left

rFire    . . .     SeeInvis +   k - +7 quick blade "Hell-Harrower" {freeze, rPois}
rCold    . . .     Faith    .   (shield restricted)
rNeg     . . .     Spirit   .   b - +0 robe
rPois    +         Reflect  .   (helmet restricted)
rElec    .         Harm     .   (no cloak)
rCorr    .         Rampage  .   (gloves unavailable)
Will     ++...     NoTele   +   (boots unavailable)
Stlth    ++++++++..             (no amulet)
HPRegen  0.18/turn              (no ring)
MPRegen  0.19/turn              (no ring)

@: very quick
A: very small, unfitting armour, see invisible, speed 3
a: Renounce Religion, Bend Space, Banish, Corrupt, Brand Weapon With Distortion


You were in the Dungeon.
You worshipped Lugonu.
Lugonu was exalted by your worship.
You visited 1 branch You collected 2187 gold pieces.
You spent 643 gold pieces at shops.

Inventory:

Hand Weapons
 a - a +1 short sword
 i - a +2 dagger of speed
 k - the +7 quick blade "Hell-Harrower" (weapon) {freeze, rPois}
   (You acquired it in the Dungeon)

   It has been specially enchanted to freeze those struck by it, causing extra
   injury to most foes and up to half again as much damage against particularly
   susceptible opponents.
   It can also slow down cold-blooded creatures.
   It protects you from poison.
 p - a +1 dagger of distortion
Armour
 b - a +0 robe (worn)
Wands
 g - a wand of polymorph (6)
 j - a wand of disintegration (7)
 o - a wand of digging (4)
Scrolls
 h - a scroll of blinking
 l - a scroll of fear
 r - a scroll of magic mapping
Potions
 c - 2 potions of curing
 d - a potion of heal wounds
 e - a potion of haste
 f - 2 potions of magic
 m - 2 potions of cancellation
 n - 2 potions of flight
 s - a potion of brilliance


   Skills:
 - Level 2.4 Fighting
 + Level 13.9 Short Blades
 + Level 8.0 Armour
 + Level 17.5 Dodging
 - Level 22.7 Stealth
 + Level 15.2 Invocations


You had 11 spell levels left.
You didn't know any spells.
Your spell library was empty.

Dungeon Overview and Level Annotations

Branches:
Dungeon (1/1)

Altars:
Cheibriados
Dithmenos
Elyvilon
Fedhas
Gozag
Hepliaklqana
Kikubaaqudgha
Makhleb
Nemelex Xobeh
Okawaru
Qazlal
Ru
Sif Muna
Trog
Uskayaw
Vehumet
Wu Jian
Xom
Yredelemnul
Zin
The Shining One
Jiyva
Lugonu

Shops:
D !*[}[}**[**([!:[!


Innate Abilities, Weirdness & Mutations

You are very small and have problems with some larger weapons.
You are too small for most types of armour.
You have supernaturally acute eyesight. (SInv)
You cover ground extremely quickly.


Message History

The bolt of fire misses you.
You completely miss the fire giant.
The fire giant is heavily wounded.
You hit the fire giant. You freeze the fire giant.
The fire giant is heavily wounded.
You hit the fire giant. You freeze the fire giant.
The fire giant is heavily wounded.
The fire giant casts a spell at you. The bolt of fire hits you!!!
Ouch! That really hurt!
* * * LOW HITPOINT WARNING * * *
You hit the fire giant. You freeze the fire giant.
The fire giant is heavily wounded.
You hit the fire giant but do no damage.
The fire giant is heavily wounded.
You hit the fire giant but do no damage.
The fire giant is heavily wounded.
The fire giant hits you with a +2 great sword of flaming!!
Ouch! That really hurt!
You die...

###'###.###.#^,***,,**#..#+###,,≈
'.s...'(∩##.#^,****,,*##...#,≈,,*
###########.#*+*,,*,,*,###)#,≈,,*
##.......##§#*,*,,,,,,,,,#.#**,,*
r#......§§§§#***,,,,,,,,,#.#,+,,*
.#+..######§#,,+,,,,,,####'#^**+*
.#..§§§...#§#####,,,###....#,*≈≈≈
##...§.§.#'§#?|[#####...####,*≈≈≈
......§§≈####$).@C)...###^,^,*≈≈≈
......§≈≈##.$(....#####,,,,****≈≈
.....≈≈≈.##)[....##,,,,,,,,*,,*+≈
..≈≈≈≈##.##.....##,,,,,^,,^*,,,**
######'####.$$$.#,,^^,,,,,,*,,,,*
#######∩∩########****,^,,,,*,,,,*
∩∩∩∩∩∩∩∩###≈≈≈≈≈≈≈≈,*,,,,,,******
######### #######****,^,,,^+,,*,,
#..0..+,^,,,,^,^,*,,+,,


You could see a fire giant.

Vanquished Creatures
  3 fire giants (D)
  2 centaur warriors (D)
  Sonja (D)
  A deep troll (D)
  7 unseen horrors (D)
  A lindwurm (D)
  An oklob plant (D)
  2 kobold demonologists (D)
  A demonic crawler (D)
  A hornet (D)
  A slime creature (D)
  Sigmund (D)
  2 redbacks (D)
  13 hogs (D)
  A yak (D)
  A floating eye (D)
  7 necrophages (D)
  An ogre (D)
  8 jellies (D)
  Ijyb (D)
  A ballistomycete spore (D)
57 creatures vanquished.

Vanquished Creatures (others)
  A gargoyle (D)
  A ballistomycete spore (D)
2 creatures vanquished.

Grand Total: 59 creatures vanquished

Notes
Turn   | Place    | Note
-------+----------+-------------------------------------------
     0 | D        | reriks the Spriggan Abyssal Knight began the quest for the
                  | Orb.
     0 | D        | Reached XP level 1. HP: 11/11 MP: 3/3
     2 | D        | Noticed Ijyb
    17 | D        | Killed Ijyb
    18 | D        | Reached skill level 7 in Stealth
    18 | D        | Reached XP level 2. HP: 16/16 MP: 3/5
    54 | D        | Noticed an ogre
    56 | D        | Killed an ogre
    56 | D        | Reached ** piety under Lugonu
    57 | D        | Reached skill level 11 in Stealth
    57 | D        | Reached skill level 5 in Invocations
    57 | D        | Reached XP level 3. HP: 19/19 MP: 6/8
    57 | D        | Reached XP level 4. HP: 23/23 MP: 6/9
    66 | D        | Noticed Sigmund
    69 | D        | Killed Sigmund
    70 | D        | Reached skill level 14 in Stealth
    70 | D        | Reached XP level 5. HP: 27/27 MP: 7/11
    82 | D        | Found a burning altar of Makhleb.
    82 | D        | Found a viscous altar of Jiyva.
    82 | D        | Found a shimmering altar of Xom.
    82 | D        | Found a corrupted altar of Lugonu.
    82 | D        | Noticed a slime creature
    85 | D        | Killed a slime creature
    86 | D        | Reached skill level 16 in Stealth
    86 | D        | Reached XP level 6. HP: 32/32 MP: 8/13
   101 | D        | Found an ornate altar of the Wu Jian Council.
   101 | D        | Found a shimmering blue altar of Sif Muna.
   103 | D        | Found a radiant altar of Vehumet.
   108 | D        | Reached skill level 17 in Stealth
   127 | D        | Found Qioxaibb's Assorted Antiques.
   127 | D        | Found an ancient bone altar of Kikubaaqudgha.
   127 | D        | Found a hazy altar of Hepliaklqana.
   127 | D        | Found a hide-covered altar of Uskayaw.
   127 | D        | Found a basalt altar of Yredelemnul.
   127 | D        | Found an opulent altar of Gozag.
   127 | D        | Found a snail-covered altar of Cheibriados.
   127 | D        | Found a sacrificial altar of Ru.
   127 | D        | Found a shadowy altar of Dithmenos.
   127 | D        | Noticed a yak
   128 | D        | Found a stormy altar of Qazlal.
   128 | D        | Found a blossoming altar of Fedhas.
   128 | D        | Found a bloodstained altar of Trog.
   128 | D        | Found an iron altar of Okawaru.
   128 | D        | Found a glowing golden altar of the Shining One.
   128 | D        | Found a glowing silver altar of Zin.
   128 | D        | Found a white marble altar of Elyvilon.
   129 | D        | Killed a yak
   129 | D        | Reached *** piety under Lugonu
   130 | D        | Reached skill level 18 in Stealth
   130 | D        | Reached XP level 7. HP: 35/35 MP: 12/14
   130 | D        | Found a sparkling altar of Nemelex Xobeh.
   134 | D        | Bought a long lead wand for 128 gold pieces
   134 | D        | Bought a scroll labelled TAORHESSAW for 32 gold pieces
   134 | D        | Bought a scroll labelled LYGAXU ROOCW for 32 gold pieces
   134 | D        | Bought a scroll labelled LYGAXU ROOCW for 32 gold pieces
   134 | D        | Bought a scroll labelled VUEHIO TOFO for 32 gold pieces
   146 | D        | Noticed a centaur warrior
   147 | D        | Noticed a centaur warrior
   151 | D        | Killed a centaur warrior
   152 | D        | Reached skill level 5 in Short Blades
   152 | D        | Reached skill level 19 in Stealth
   152 | D        | Reached skill level 10 in Invocations
   152 | D        | Reached XP level 8. HP: 39/39 MP: 14/16
   152 | D        | Killed a centaur warrior
   153 | D        | Reached skill level 20 in Stealth
   175 | D        | Noticed a hornet
   178 | D        | Killed a hornet
   179 | D        | Reached XP level 9. HP: 43/43 MP: 18/18
   188 | D        | Noticed an oklob plant
   190 | D        | Killed an oklob plant
   190 | D        | Reached **** piety under Lugonu
   191 | D        | Reached skill level 10 in Dodging
   191 | D        | Reached skill level 21 in Stealth
   229 | D        | Noticed a deep troll
   231 | D        | Killed a deep troll
   232 | D        | Reached skill level 22 in Stealth
   242 | D        | Found Kivicwev's Armour Emporium.
   255 | D        | Noticed Sonja
   258 | D        | Killed Sonja
   258 | D        | Reached ***** piety under Lugonu
   311 | D        | Identified a scroll of acquirement
   311 | D        | Acquired the +7 quick blade "Hell-Harrower" {freeze, rPois}
   424 | D        | Found Ejipio Vaps's Distillery.
   432 | D        | Bought a potion of cancellation for 112 gold pieces
   470 | D        | Reached XP level 10. HP: 47/47 MP: 18/20
   476 | D        | Noticed an unseen horror
   481 | D        | Noticed an unseen horror
   482 | D        | Killed an unseen horror
   484 | D        | Killed an unseen horror
   485 | D        | Reached skill level 10 in Short Blades
   516 | D        | Reached ****** piety under Lugonu
   775 | D        | Found Ixe Ecka's Gadget Shoppe.
   775 | D        | Found Dingomeo's Antique Armour Shop.
   775 | D        | Found Omaiff's Antique Armour Boutique.
   777 | D        | Found Aciotyj's Gadget Emporium.
   777 | D        | Found Jasoc's General Store.
   777 | D        | Found Suthrilun's General Store.
   777 | D        | Found Qeoh's Armour Boutique.
   777 | D        | Found Bevos's Assorted Antiques.
   777 | D        | Found Moysycom's Assorted Antiques.
   777 | D        | Found Viybbu's Antique Weapon Shoppe.
   781 | D        | Found Japuwun's Antique Armour Boutique.
   782 | D        | Found Ytanum's Book Emporium.
   782 | D        | Found Tiap's Distillery.
   783 | D        | Found Moxucri's Distillery.
   793 | D        | Bought a potion of flight for 33 gold pieces
   793 | D        | Bought a potion of haste for 110 gold pieces
   793 | D        | Bought a potion of brilliance for 44 gold pieces
   794 | D        | Bought a potion of cancellation for 88 gold pieces
  1047 | D        | Killed a gargoyle
  1163 | D        | Noticed a lindwurm
  1167 | D        | Killed a lindwurm
  1196 | D        | Reached skill level 5 in Armour
  1196 | D        | Reached XP level 11. HP: 51/51 MP: 22/22
  1267 | D        | Reached skill level 15 in Dodging
  1475 | D        | Noticed a daeva
  1478 | D        | Noticed an unseen horror
  1478 | D        | Noticed an unseen horror
  1478 | D        | Noticed an unseen horror
  1479 | D        | Noticed an unseen horror
  1481 | D        | Killed an unseen horror
  1483 | D        | Noticed an unseen horror
  1495 | D        | Killed an unseen horror
  1520 | D        | Killed an unseen horror
  1534 | D        | Killed an unseen horror
  1550 | D        | Killed an unseen horror
  1757 | D        | Noticed a fire giant
  1760 | D        | Noticed a fire giant
  1761 | D        | Noticed a fire giant
  1762 | D        | Noticed a fire giant
  1764 | D        | Killed a fire giant
  1799 | D        | Killed a fire giant
  1938 | D        | Killed a fire giant
  1939 | D        | Reached skill level 15 in Invocations
  1939 | D        | Reached XP level 12. HP: 56/56 MP: 24/24
  1956 | D        | Demolished by a fire giant

Illustrated notes

Levels and vault maps discovered:
D:        dungeon_sprint_1 [red_sonja_temple_1, red_sonja_temple_small_1]

Skill      XL: |  1  2  3  4  5  6  7  8  9 10 11 |
---------------+----------------------------------+-----
Stealth        | 7 11 14 16 18 19 20 22 | 22.7
Invocations    | 3 5 7 8 9 10 11 12 13 15 | 15.2
Short Blades   | 5 6 9 11 13 | 13.9
Dodging        | 7 9 11 14 17 | 17.5
Armour         | 5 8 |  8.0
Fighting       | |  2.4

Action                   |  1- 3 |  4- 6 |  7- 9 | 10-12 || total
-------------------------+-------+-------+-------+-------++-------
Melee: Short sword       |    14 |       |       |       ||    14
       Dagger            |     1 |     4 |     9 |       ||    14
       Quick blade       |       |       |     1 |   291 ||   292
Invok: Banish            |       |       |       |     1 ||     1
Evoke: Wand              |       |       |     3 |     1 ||     4
  Use: Potion            |     1 |       |       |     6 ||     7
       Scroll            |       |       |     7 |       ||     7
 Stab: Sleeping          |     1 |     4 |     9 |    16 ||    30
       Distracted        |       |       |       |     1 ||     1
Armor: Robe              |       |       |       |     3 ||     3
Dodge: Dodged            |     5 |       |       |   176 ||   181

Table legend: (Time is in decaauts)
 A = Elapsed time spent in this place.
 B = Non-inter-level travel time spent in this place.
 C = Inter-level travel time spent in this place.
 D = Time resting spent in this place.
 E = Time spent auto-exploring this place.
 F = Levels seen in this place.
 G = Mean time per level.
                   A        B        C        D        E       F      G
               +--------+--------+--------+--------+--------+-----+--------+
         Total |   1560 |   1556 |      4 |   1055 |      0 |   1 | 1560.0 |
       Dungeon |   1560 |   1556 |      4 |   1055 |      0 |   1 | 1560.0 |
               +--------+--------+--------+--------+--------+-----+--------+

Top non-repeatable levels by time:
       D: 1560 daAuts
